Cogmind - Beta 16.1 @@@ ROGUE MODE // 2026.03.16 @ 23:58:04 Player: SunShine214 Result: Destroyed by P-70 Sage via exploding Neutrino Reactor Performance ------------- Evolutions (5) 2500 Regions Visited (7) 1400 Robots Destroyed (126) 630 Value Destroyed (3703) 3703 Prototype IDs (6) 120 Alien Tech Used (0) 0 Bonus (101) 101 TOTAL SCORE: 8454 Bonus ------- High Alert Combat Kills 101 Cogmind --------- Core Integrity 0/1000 Matter 20/300 Energy 97/100 System Corruption 19% Temperature Cool (1) Movement Walking (105) Location -5/Factory Parts ------- > --- POWER (2) -------- (None) > --- PROPULSION (4) --- Thunder Leg > --- UTILITY (9) ------ Scrap Engine Large Storage Unit Improved Signal Interpreter Hacking Suite Hacking Suite > --- WEAPON (2) ------- (None) > --- INVENTORY (15) --- Advanced Treads Improved Gravmag System Large Storage Unit Improved Utility Shielding Authchip [Armor] EM Pulse Cannon KE Penetrator Axe Peak State ------------ > --- POWER ------------ Angular Momentum Engine Light Fission Core > --- PROPULSION ------- Treaded Titanium-VTOL Exoskeleton > --- UTILITY ---------- Armored Scrap Engine Large Storage Unit Improved Sensor Array Improved Signal Interpreter Hardened Medium Armor Plating Hacking Suite Hacking Suite Drone Bay > --- WEAPON ----------- Gauss Cannon Mass Driver > --- INVENTORY -------- Advanced Treads Advanced Treads Thunder Leg Improved Gravmag System Large Storage Unit Improved Utility Shielding Hacking Suite Hacking Suite Authchip [Armor] EM Pulse Cannon Gauss Cannon Rocket Launcher Rocket Launcher Missile Launcher Axe [Rating: 77] Favorites ----------- Power Heavy Ion Engine Engine Heavy Ion Engine Power Core Light Fission Core Propulsion Light Treads Treads Light Treads Leg Thunder Leg Hover Unit Gravmag Array Flight Unit VTOL Module Utility Hacking Suite Device Armored Scrap Engine Storage Large Storage Unit Processor Improved Signal Interpreter Hackware Hacking Suite Protection Improved Utility Shielding Weapon Gauss Rifle Energy Gun Improved EM Shotgun Energy Cannon Particle Cannon Ballistic Gun Gauss Rifle Ballistic Cannon Gauss Cannon Launcher Missile Launcher Special Weapon Mining Laser Slashing Weapon Axe Build | -11 -10 -9 -8 -8 -8 -6 -5 ------- Run | Yrd Mat Mat Mat Sto Rec Fac Fac Slots Evolved 10 | . . 2 2 . . 4 2 Power 1 | . . . . . . 1 . Propulsion 2 | . . . 1 . . 1 . Utility 7 | . . 2 1 . . 2 2 Weapon . | . . . . . . . . Parts Attached 77 | 7 2 27 12 9 2 7 11 Power 11 | 1 . 4 1 1 . 3 1 Engine 9 | 1 . 4 1 1 . 2 . Core 2 | . . . . . . 1 1 Reactor . | . . . . . . . . Propulsion 21 | 2 . 6 5 6 . . 2 Treads 18 | 2 . 6 4 6 . . . Leg 1 | . . . . . . . 1 Wheel . | . . . . . . . . Hover 1 | . . . . . . . 1 Flight 1 | . . . 1 . . . . Utility 20 | 2 1 6 2 . 1 3 5 Device 6 | 1 1 . 1 . 1 1 1 Storage 3 | 1 . 2 . . . . . Processor 2 | . . . 1 . . . 1 Hackware 6 | . . 2 . . . 1 3 Protection 3 | . . 2 . . . 1 . Artifact . | . . . . . . . . Weapon 25 | 2 1 11 4 2 1 1 3 Energy Gun 7 | 1 . 6 . . . . . Energy Cannon 2 | . . 1 . . . 1 . Ballistic Gun 6 | 1 . 2 1 1 . . 1 Ballistic Cannon 3 | . . . 1 1 . . 1 Launcher 5 | . . 2 2 . . . 1 Special Weapon 1 | . 1 . . . . . . Impact Weapon . | . . . . . . . . Slashing Weapon 1 | . . . . . 1 . . Piercing Weapon . | . . . . . . . . Special Melee Weapon . | . . . . . . . . Unidentified Prototypes 4 | . . 3 . . 1 . . Corrupted Parts 2 | . . 1 . . . 1 . System Corruption 6 | . . 2 . . . 4 . Parts Lost 35 | . 1 9 . 1 2 2 20 Power 5 | . 1 . . . 1 . 3 Propulsion 8 | . . 2 . 1 . . 5 Utility 10 | . . 2 . . 1 1 6 Weapon 12 | . . 5 . . . 1 6 Highest Loss Streak 14 | . 1 3 . 1 2 1 14 To Critical Strikes . | . . . . . . . . Average Backups 12 | . 5 8 14 15 14 13 12 Power . | . . . . . . . . Propulsion 1 | . . 2 2 2 . 1 3 Utility 5 | . 2 3 6 7 8 6 4 Weapon 4 | . 1 2 5 6 6 5 5 Tool/Special . | . . . . . . . . Unused Backups 16 | . . 3 1 . 2 2 8 Power . | . . . . . . . . Propulsion 5 | . . . . . 1 . 4 Utility 9 | . . 2 1 . 1 2 3 Weapon 2 | . . 1 . . . . 1 Tool/Special . | . . . . . . . . Average Slot Usage (%) 84 | . 91 95 96 99 77 64 58 Engine 5 | . 5 9 9 9 2 3 2 Treads 18 | . 28 21 24 26 18 1 3 Device 7 | . 14 . 7 9 8 10 11 Storage 9 | . 14 11 9 9 9 6 5 Processor 3 | . . . 8 9 2 . 4 Hackware 15 | . . 18 18 18 18 15 10 Protection 3 | . . 12 . . . 6 2 Energy Gun 3 | . 13 11 . . . . . Energy Cannon 1 | . . 5 2 . . 1 . Ballistic Gun 6 | . 14 4 8 9 9 4 . Ballistic Cannon 4 | . . . 5 8 7 6 5 Peak Build Rating 77 | 9 9 22 32 32 48 68 77 Average Rating 33 | 5 6 18 29 31 40 59 60 On Entrance 27 | . 9 7 21 31 32 48 68 Avg Prop Armor Cover (%) 1 | . . . . . 1 . . Naked Turns . | . . . . . . . . Heaviest Build 72 | 12 12 37 41 41 37 68 72 Greatest Support 76 | 40 40 40 60 60 60 76 76 Greatest Overweight (x) 9 | . . 1 . . 7 . 9 Average Overweight (x) . | . . . . . . . . Largest Inventory Capacity 15 | 8 8 15 15 15 15 15 15 Average Capacity 13 | 7 8 9 15 15 15 15 15 Most Carried 15 | 1 8 14 15 15 15 15 15 Average Carried 12 | . 5 8 14 14 14 13 12 Final Capacity 15 | 8 8 15 15 15 15 15 15 Final Carried 15 | 1 8 14 15 15 15 15 8 Scrap Engine Consumption 17 | . . . . . 14 1 2 Constructs Created 1 | . . . . . 1 . . Constructs Modified 5 | . . . . . 4 1 . Class Distribution -------------------- 67% | Hacker-Mutant 19% | Scavenger-Mutant 12% | Mutant Dominant Class ---------------- Mutant | -10/Materials Scavenger-Mutant | -9/Materials Hacker-Mutant | -8/Materials Hacker-Mutant | -8/Storage Hacker-Mutant | -8/Recycling Hacker-Mutant | -6/Factory Hacker-Mutant | -5/Factory Resources | -11 -10 -9 -8 -8 -8 -6 -5 ----------- Run | Yrd Mat Mat Mat Sto Rec Fac Fac Matter Collected 2406 | 288 100 492 316 727 111 187 185 Remotely . | . . . . . . . . Salvage Created 4471 | 101 217 1709 748 668 514 289 225 Parts 299 | 10 17 118 52 48 23 11 20 Haulers Intercepted 7 | . . 4 . 3 . . . Recyclers Shooed 3 | . 1 . 1 1 . . . Parts Field Recycled . | . . . . . . . . Retrieved Matter . | . . . . . . . . Parts Self-Destructed . | . . . . . . . . Prevented . | . . . . . . . . Parts Restored . | . . . . . . . . Kills | -11 -10 -9 -8 -8 -8 -6 -5 ------- Run | Yrd Mat Mat Mat Sto Rec Fac Fac Combat Hostiles Destroyed 83 | . 5 33 17 12 5 5 6 Melee 3 | . . . . . 1 . 2 Guns 35 | . 5 22 2 5 . 1 . Cannons 27 | . . 6 5 7 1 4 4 AOE 18 | . . 5 10 . 3 . . Classes Destroyed 17 | 2 4 5 2 . 1 1 2 Worker 6 | . . . 2 3 . 1 . Builder 11 | . . 4 3 2 1 1 . Tunneler 3 | 2 . . . . . . 1 Hauler 7 | . . 4 . 3 . . . Recycler 5 | 1 . . 2 . 2 . . Mechanic 1 | . . 1 . . . . . Operator 9 | . 2 2 2 1 . . 2 Drone 1 | . . . . . . 1 . Watcher 3 | . 1 1 . . . 1 . Swarmer 12 | . 2 4 3 3 . . . Grunt 36 | . 3 17 9 3 . 2 2 Brawler 4 | . . 4 . . . . . Sentry 22 | . . 8 4 5 2 2 1 Hunter 3 | . . . 1 1 . 1 . Programmer 1 | . . . . . . . 1 Scrapper 3 | . . . . . 3 . . Assembled 2 | . . . . . . . 2 Best Kill Streak 7 | 3 2 7 6 4 2 2 4 Combat Bots Only 5 | . 2 5 5 4 2 1 4 Max Kills in Single Turn 4 | 1 1 2 4 2 2 3 1 Gunslinging . | . . . . . . . . Exploded 2 | . . 1 2 . 2 . . Melee 1 | . . . . . 1 . 1 Uniques/NPCs Destroyed . | . . . . . . . . Combat | -11 -10 -9 -8 -8 -8 -6 -5 -------- Run | Yrd Mat Mat Mat Sto Rec Fac Fac Hostile Shots Fired 599 | . 39 156 57 72 13 76 186 Missed 178 | . 12 44 21 28 . 28 45 Hits 421 | . 27 112 36 44 13 48 141 Melee 7 | . . 3 . . . . 4 Projectile 414 | . 27 109 36 44 13 48 137 AOE 28 | . . . . . . . 28 Critical Strikes 13 | . . 3 2 . . 1 7 Part Disruptions 1 | . . . . . . . 1 Damage Taken 7619 | . 257 1586 522 601 261 558 3834 Core 1552 | . 52 311 75 25 22 57 1010 Absorbed by Shields . | . . . . . . . . Redirected to Shielding 43 | . . 43 . . . . . Regen/Repaired (Parts) 23 | . . . 18 . 5 . . Core Remaining (%) 74 | 100 79 22 . . 77 93 . Volleys Fired 262 | 6 25 92 38 49 4 22 26 Largest 2 | 2 2 2 2 2 2 2 2 Hottest 120 | 60 120 113 98 68 68 103 87 Shots Fired 506 | 12 49 173 76 98 8 44 46 Gun 307 | 12 48 142 33 49 4 12 7 Cannon 161 | . . 21 30 49 1 32 28 Launcher 37 | . . 10 13 . 3 . 11 Special 1 | . 1 . . . . . . Kinetic 277 | 6 25 31 43 98 5 34 35 Thermal 89 | 6 24 39 20 . . . . Explosive 37 | . . 10 13 . 3 . 11 Electromagnetic 103 | . . 93 . . . 10 . Robot Hit Streak 22 | 4 8 22 5 10 5 8 6 Robot Miss Streak 4 | 2 2 4 3 4 1 2 3 Penetration Max 1 | . . . 1 1 1 1 . Secondary Targets 4 | . . 4 . . . . . Max Gunslinging Chain 1 | . . 1 . . . . . Shots Hit Robots 337 | 7 30 116 45 63 10 30 36 Core Hits 200 | 4 13 72 39 28 12 13 19 Critical Kills . | . . . . . . . . Critical Parts Destroyed 3 | 1 . 1 . 1 . . . Critical Strikes 15 | 1 . 2 2 5 1 1 3 Destroy 3 | 1 . 1 . 1 . . . Blast 8 | . . . 2 4 1 1 . Corrupt 1 | . . 1 . . . . . Sever 3 | . . . . . . . 3 Melee Attacks 21 | . . . . . 5 1 15 Impact . | . . . . . . . . Slashing 21 | . . . . . 5 1 15 Piercing . | . . . . . . . . Sneak Attacks 6 | . . . . . 4 . 2 Combat Hostiles . | . . . . . . . . Follow-up Attacks . | . . . . . . . . Damage Inflicted 9923 | 81 358 2678 2117 1580 670 962 1477 Guns 3599 | 81 357 1611 385 776 49 179 161 Cannons 2578 | . . 308 360 763 25 633 489 Explosions 2831 | . . 752 1372 . 229 138 340 Melee 806 | . . . . . 343 . 463 Ramming 109 | . 1 7 . 41 24 12 24 Kinetic 3826 | 26 168 235 562 1539 74 572 650 Thermal 1231 | 55 189 666 183 . . 138 . Explosive 2458 | . . 517 1372 . 229 . 340 Electromagnetic 1493 | . . 1253 . . . 240 . Impact . | . . . . . . . . Slashing 806 | . . . . . 343 . 463 Piercing . | . . . . . . . . Highest Corruption 17 | . . 2 . . . 4 17 Average Corruption 4 | . . 2 . . . 4 8 Corruption Purged . | . . . . . . . . Corruption Blocked . | . . . . . . . . Effects 28 | . . 10 . . . 2 16 Message Errors 5 | . . 2 . . . . 3 Matter Fused 8 | . . 4 . . . 1 3 Heat Flow Errors 5 | . . 3 . . . . 2 Energy Discharges 4 | . . 1 . . . 1 2 Data Loss (minor) 3 | . . . . . . . 3 Alerts 1 | . . . . . . . 1 Weapon Failures 2 | . . . . . . . 2 Overload Shots . | . . . . . . . . Overflow Damage 285 | . . 34 73 29 68 11 70 Projectiles 46 | . . . 3 23 . 7 13 Explosions 169 | . . 34 70 6 15 4 40 Melee 70 | . . . . . 53 . 17 Knockbacks 15 | . . 1 1 6 . 3 4 Impact 1 | . . 1 . . . . . Kinetic 13 | . . . 1 5 . 3 4 Secondary 1 | . . . . 1 . . . Self-Inflicted Damage 208 | . . 147 . 16 . . 45 Shots 7 | . . 5 . 1 . . 1 Rammed 19 | . 2 3 . 9 3 1 1 Targets Rammed 23 | . 2 3 . 9 4 2 3 Kicked 1 | . . . . . . . 1 Crushed 3 | . . . . . 1 1 1 Highest Temperature 291 | . 36 239 141 36 8 291 158 Average Temperature 58 | . 16 60 53 10 4 103 41 Received Heat Transfer 1601 | . 72 588 171 189 141 204 236 Effects 5 | . . . . . . 5 . Interference 5 | . . . . . . 5 . Siege Activations . | . . . . . . . . Martial Activations . | . . . . . . . . Shielding Activations . | . . . . . . . . Robots Disrupted . | . . . . . . . . Combat Hostiles . | . . . . . . . . Robots Corrupted 1 | . . 1 . . . . . Combat Hostiles . | . . . . . . . . Parts Fried 2 | . . 1 . . . 1 . Impact Corruptions . | . . . . . . . . Robots Melted . | . . . . . . . . Combat Hostiles . | . . . . . . . . Parts Melted 5 | . 1 2 1 . 1 . . Heat Transferred 2311 | 125 425 1178 333 . . 250 . Parts Sabotaged . | . . . . . . . . Parts Stolen . | . . . . . . . . Parts Stripped . | . . . . . . . . Power Chain Reactions 7 | . . 5 . . . 2 . Alert | -11 -10 -9 -8 -8 -8 -6 -5 ------- Run | Yrd Mat Mat Mat Sto Rec Fac Fac Maximum Alert Level 2 | . . 2 2 2 . . . Low Security (%) 71 | 100 100 35 63 17 100 100 100 Level 1 22 | . . 44 29 79 . . . Level 2 6 | . . 20 6 3 . . . Level 3 . | . . . . . . . . Level 4 . | . . . . . . . . Level 5 . | . . . . . . . . High Security . | . . . . . . . . Max Security . | . . . . . . . . Peak Influence 473 | 10 67 473 467 409 163 103 49 Initial 193 | . . . 76 193 143 100 45 Average 131 | . 18 273 211 300 16 60 13 Influence Increases 3163 | 15 178 1121 637 528 94 303 287 Destroy 0b10 Robot/C 1560 | . 100 660 340 240 40 100 80 Destroy 0b10 Robot/NC 230 | 15 15 60 45 45 20 15 15 Destroy Leader 430 | . 32 180 90 86 . 32 10 Successful Hack 68 | . . 8 . 11 12 29 8 Disable Machine 300 | . 30 105 60 90 . 15 . Destroy Structure 310 | . 1 78 72 41 22 12 84 Advance Influence 100 | . . . . . . 100 . Lose Combat Pursuer 165 | . . 30 30 15 . . 90 Influence Decreases 3163 | 15 178 939 360 618 463 210 380 Entered New Map 646 | . . . 106 266 226 . 48 Time Decay 1934 | 15 136 549 254 342 228 190 220 Lost Part 251 | . 10 90 . 10 9 20 112 Purge Threat 332 | . 32 300 . . . . . Squads Dispatched 17 | . 2 3 2 2 . 2 6 Investigation 4 | . . 1 . 1 . . 2 Extermination 3 | . . . . . . 1 2 Reinforcement 10 | . 2 2 2 1 . 1 2 Assault . | . . . . . . . . Garrison . | . . . . . . . . Intercept . | . . . . . . . . Searches Triggered . | . . . . . . . . Construction Impeded 2 | . . . . . . 1 1 Haulers Reinforced . | . . . . . . . . Active Scanning Responses . | . . . . . . . . Cargo Convoy Interrupts . | . . . . . . . . Stealth | -11 -10 -9 -8 -8 -8 -6 -5 --------- Run | Yrd Mat Mat Mat Sto Rec Fac Fac Distress Signals 6 | . . 4 1 1 . . . Communications Jammed . | . . . . . . . . Distress Signals . | . . . . . . . . Times Spotted 139 | . 10 50 25 17 4 7 26 Peak Tracking Total 8 | . 4 5 8 4 4 2 6 Tactical Retreats 9 | . . 2 2 1 . . 4 Traps | -11 -10 -9 -8 -8 -8 -6 -5 ------- Run | Yrd Mat Mat Mat Sto Rec Fac Fac Traps Triggered 7 | . 1 2 . . . 1 3 Indirectly . | . . . . . . . . Trap Hack Attempts . | . . . . . . . . Triggered . | . . . . . . . . Disarmed . | . . . . . . . . Reprogrammed . | . . . . . . . . Reused . | . . . . . . . . Traps Extracted . | . . . . . . . . Installed . | . . . . . . . . Triggered . | . . . . . . . . Machines | -11 -10 -9 -8 -8 -8 -6 -5 ---------- Run | Yrd Mat Mat Mat Sto Rec Fac Fac Machines Disabled 20 | . 2 7 4 6 . 1 . Max in Single Turn 2 | . 1 2 1 2 . 1 . Garrison Access 1 | . . . . . . 1 . Machines Repaired . | . . . . . . . . Machines Dismantled . | . . . . . . . . Machines Sabotaged . | . . . . . . . . Overloaded Fab Kills . | . . . . . . . . Hacking | -11 -10 -9 -8 -8 -8 -6 -5 --------- Run | Yrd Mat Mat Mat Sto Rec Fac Fac Machines Accessed 32 | . 3 7 3 4 9 4 2 Terminals 19 | . 2 6 1 4 3 2 1 Fabricators . | . . . . . . . . Repair Stations 1 | . . . 1 . . . . Recycling Units 6 | . 1 . . . 5 . . Scanalyzers 4 | . . 1 1 . . 1 1 Garrison Access 1 | . . . . . . 1 . Total Hacks 74 | . 8 18 6 15 17 5 5 Successful 37 | . 2 12 5 3 9 4 2 Failed 37 | . 6 6 1 12 8 1 3 Catastrophic 5 | . 1 1 . . 1 . 2 Database Lockouts . | . . . . . . . . Manual 12 | . . 2 2 4 3 1 . Terminals 47 | . 7 14 2 15 5 2 2 Fabricators . | . . . . . . . . Repair Stations 2 | . . . 2 . . . . Recycling Units 11 | . 1 . . . 10 . . Scanalyzers 11 | . . 4 2 . . 2 3 Garrison Access 1 | . . . . . . 1 . Terminal Hacks 19 | . 1 8 1 3 4 2 . Record 1 | . . . . . 1 . . Part Schematic 4 | . . . . 2 1 1 . Level Access Points 2 | . . 1 . . . 1 . Branch Access Points 3 | . . 1 1 1 . . . Alert Level 2 | . . 2 . . . . . Unreport Threat 3 | . 1 2 . . . . . Hauler Manifests 1 | . . 1 . . . . . Registered Components 1 | . . 1 . . . . . Release Object 2 | . . . . . 2 . . Fabricator Hacks . | . . . . . . . . Repair Station Hacks 2 | . . . 2 . . . . Scan Component 1 | . . . 1 . . . . Repair 1 | . . . 1 . . . . Recycling Unit Hacks 6 | . 1 . . . 5 . . Retrieve Components 6 | . 1 . . . 5 . . Scanalyzer 9 | . . 4 2 . . 1 2 Insert Component 2 | . . 1 1 . . . . Analyze 3 | . . 2 1 . . . . Retrieve Study 4 | . . 1 . . . 1 2 Garrison Access Hacks 1 | . . . . . . 1 . Seal Access 1 | . . . . . . 1 . Unauthorized Hacks . | . . . . . . . . Terminals . | . . . . . . . . Fabricators . | . . . . . . . . Repair Stations . | . . . . . . . . Recycling Units . | . . . . . . . . Scanalyzers . | . . . . . . . . Garrison Access . | . . . . . . . . Data Cores Recovered 1 | . . . . . . . 1 Used . | . . . . . . . . Hacking Detections 18 | . 1 5 1 4 3 2 2 Full Trace Events 4 | . . . . 1 2 . 1 Feedback Events . | . . . . . . . . Feedback Blocked . | . . . . . . . . Robot Schematics Acquired . | . . . . . . . . Robots Built . | . . . . . . . . Authchips . | . . . . . . . . Time . | . . . . . . . . Total Robot Build Rating . | . . . . . . . . Part Schematics Acquired 6 | . . 1 1 2 1 1 . Parts Built . | . . . . . . . . Authchips . | . . . . . . . . Time . | . . . . . . . . Total Part Build Rating . | . . . . . . . . Part Studies Acquired 4 | . . 1 . . . 1 2 Parts Repaired 1 | . . . 1 . . . . Time 38 | . . . 38 . . . . Parts Recycled . | . . . . . . . . Recycled Matter . | . . . . . . . . Retrieved Matter . | . . . . . . . . Retrieved Components 13 | . 2 . . . 11 . . Parts Scanalyzed 2 | . . 1 1 . . . . Part Schematics Acquired 2 | . . 1 1 . . . . Parts Damaged . | . . . . . . . . Bothacking | -11 -10 -9 -8 -8 -8 -6 -5 ------------ Run | Yrd Mat Mat Mat Sto Rec Fac Fac Used RIF Installer . | . . . . . . . . Robots Hacked . | . . . . . . . . Non-combat . | . . . . . . . . Combat . | . . . . . . . . Robot Hacks Applied . | . . . . . . . . Relay Couplers Released . | . . . . . . . . Fabnet Peak Effective % . | . . . . . . . . Robots Rewired . | . . . . . . . . Allies Hacked . | . . . . . . . . Hacks Repelled . | . . . . . . . . Allies | -11 -10 -9 -8 -8 -8 -6 -5 -------- Run | Yrd Mat Mat Mat Sto Rec Fac Fac Total Allies . | . . . . . . . . Largest Group . | . . . . . . . . Highest-Rated Group . | . . . . . . . . Highest-Rated Ally . | . . . . . . . . Total Orders 1 | . . . . . . 1 . EXPLORE 1 | . . . . . . 1 . Ally Attacks . | . . . . . . . . Total Damage . | . . . . . . . . Kills . | . . . . . . . . Allies Corrupted . | . . . . . . . . Allies Melted . | . . . . . . . . Intel | -11 -10 -9 -8 -8 -8 -6 -5 ------- Run | Yrd Mat Mat Mat Sto Rec Fac Fac Active Infowar (turns) 2708 | 25 436 99 500 760 415 . 473 Sensors 2637 | . 390 99 500 760 415 . 473 Terrain 71 | 25 46 . . . . . . Robot Analysis Total . | . . . . . . . . Derelict Logs Recovered . | . . . . . . . . Drone Launches 1 | . . . . . . 1 . Drone Recoveries . | . . . . . . . . Exploration | -11 -10 -9 -8 -8 -8 -6 -5 ------------- Run | Yrd Mat Mat Mat Sto Rec Fac Fac Turns Passed 6597 | 114 436 1642 559 760 1890 388 808 Spaces Moved 3196 | 57 180 759 234 351 836 254 525 Core 22 | 5 . . . . . . 17 Treads 2915 | 52 180 759 234 351 834 83 422 Legs 214 | . . . . . 1 171 42 Wheels . | . . . . . . . . Hover 44 | . . . . . . . 44 Flight 1 | . . . . . 1 . . Fastest Speed 50 | 50 160 160 160 163 100 100 100 Average Speed 149 | 150 160 160 162 163 162 100 114 Slowest Speed 550 | 160 160 240 163 165 550 100 500 Overloaded Moves . | . . . . . . . . Propulsion Burnouts . | . . . . . . . . Robots Hopped . | . . . . . . . . Potential Cave-ins . | . . . . . . . . Cave-ins Triggered . | . . . . . . . . Exploration Rate (%) 39 | 4 32 63 26 63 99 12 14 Regions Visited 7 Branch Regions 2 Pre-discovered Areas . | . . . . . . . . Known Exits Taken 4 | . . 1 1 1 . 1 . Unknown Exits Taken 3 | 1 1 . . . 1 . . Scrap Searched . | . . . . . . . . Spaces Dug . | . . . . . . . . Terrain Destroyed 304 | . . 75 75 43 39 12 60 Melee . | . . . . . . . . Projectile 56 | . . . 8 32 . 7 9 AOE 248 | . . 75 67 11 39 5 51 Terrain Rammed . | . . . . . . . . Walls Destroyed . | . . . . . . . . Machines Disabled . | . . . . . . . . Actions | -11 -10 -9 -8 -8 -8 -6 -5 --------- Run | Yrd Mat Mat Mat Sto Rec Fac Fac Total 4473 | 70 274 1010 337 439 1346 341 656 Wait 792 | . 52 99 37 11 480 47 66 Move 3189 | 56 179 758 233 350 835 253 525 Hop . | . . . . . . . . Pick Up 42 | 1 9 13 5 2 4 5 3 Fast Attach 31 | 7 2 10 3 1 2 3 3 Attach 17 | . . 5 . . 1 3 8 Detach 3 | . . 2 . . 1 . . Swap 44 | . 3 13 12 8 2 2 4 Drop 49 | . 2 15 9 9 8 3 3 Fire 262 | 6 25 92 38 49 4 22 26 Melee 21 | . . . . . 5 1 15 Ram . | . . . . . . . . Kick 1 | . . . . . . . 1 Crush 22 | . 2 3 . 9 4 2 2 Escape Stasis . | . . . . . . . . Rewire . | . . . . . . . . Trap . | . . . . . . . . Miscellaneous . | . . . . . . . . Route ------- -11/Scrapyard -10/Materials -9/Materials (discovered 4 exits: *Mat x3 / *Min) -8/Materials (discovered 2 exits: *Sto x2) -8/Storage (discovered 2 exits: [*Fac] / *Rec) -8/Recycling -6/Factory (discovered 4 exits: *Fac x4) -5/Factory History --------- Turn | Location | Event 18 | -11/Scrapyard | Discovered new exit (range 16) 115 | -11/Scrapyard | Entered Materials 306 | -10/Materials | Build established: Mutant 484 | -10/Materials | Discovered new exit (range 16) 551 | -10/Materials | Entered another Materials area 551 | -9/Materials | Evolved 2 slots: Utility x2 622 | -9/Materials | Identified exit to Mines 687 | -9/Materials | Lost 3 parts (1n1u1w) 1023 | -9/Materials | Build established: Scavenger-Mutant 1084 | -9/Materials | Core integrity fell below 50% 1441 | -9/Materials | Build established: Hacker-Mutant 1876 | -9/Materials | Identified exit to Materials 1980 | -9/Materials | Build established: Scavenger-Mutant 2193 | -9/Materials | Entered another Materials area 2193 | -8/Materials | Evolved 2 slots: Propulsion x1, Utility x1 2454 | -8/Materials | Repaired Imp. Sensor Array 2585 | -8/Materials | Identified exit to Storage 2752 | -8/Materials | Entered Storage 2769 | -8/Storage | Identified exit to Recycling 2792 | -8/Storage | Build established: Hacker-Mutant 3295 | -8/Storage | Discovered new exit (range 8) 3507 | -8/Storage | Used back door to open Recycling access 3512 | -8/Storage | Entered Recycling 3857 | -8/Recycling | Discovered new exit (range 8) 3888 | -8/Recycling | Scanned before Scraplab entrance 3900 | -8/Recycling | Angered Scraplab inhabitants 3978 | -8/Recycling | Found Prototype Device 3978 | -8/Recycling | Identified Scrap Engine 5402 | -8/Recycling | Entered Factory 5402 | -6/Factory | Evolved 4 slots: Power x1, Propulsion x1, Utility x2 5694 | -6/Factory | Identified exit to Factory 5790 | -6/Factory | Entered another Factory area 5790 | -5/Factory | Evolved 2 slots: Utility x2 6222 | -5/Factory | Assembled infested ambush trap array 6292 | -5/Factory | Core integrity fell below 50% 6312 | -5/Factory | System corruption reached 10% 6344 | -5/Factory | Lost 14 parts (2p4n5u3w) 6532 | -5/Factory | Core integrity fell below 20% 6583 | -5/Factory | Lost 5 parts (1n1u3w) 6598 | -5/Factory | Destroyed by P-70 Sage via exploding Neutrino Reactor Last Messages --------------- 06541_ The unstable cave ceiling collapses. 06542_ Slug penetrates Wall. 06543_ System corrupted: KE Penetrator jammed. 06545_ Wall collapses. 06545_ Rocket Launcher destroyed. 06546_ Slug penetrates P-70 Sage. 06546_ Destroyed Imp. Heat Sink. 06546_ KE Penetrator destroyed. 06552_ Gravmag Array destroyed. 06554_ System corrupted: Component data lost. 06555_ U-05 Engineer lays Concrete. 06557_ Kicked U-05 Engineer. 06557_ ALERT: Construction progress impeded, dispatching reinforcements to local area. 06574_ K-01 Serf pushes L-41 Fighter. 06575_ System corrupted: Component data lost. 06575_ K-01 Serf pushes L-41 Fighter. 06583_ Critical hit (Burn: +37). 06598_ Neutrino Reactor explodes. 06598_ Door malfunctions. Map ----- +----------------------------------------------------+ | #?????????????#### ##### | | #?????????????# | | #?????######### | | ?? | | ?? | | """ ????""" """"" """ """"" """ | | "???????????""""" """ """"" """ | | "???????????""" """ """ """ | | ????????? | | ????????? ############ | | ????????? ########???# | | ????????? # ! ##### | | ?????????? ########g # ## | | ?????????? # [! # # ##" | | ??????????####+##?# *+p + ##" | | ??????????????????# # # ! ##" | | ??????????????????# [ # # ##T | | ??????????????????########p####################" | | ???????????????????#######/######?????????????#" | | ???????????????????# [ #?????????????#" | | ???????????????????# ] #?????????????# | | ???????????????????# ! #????########?# | | ???????????????????# #??? ! ###### | | ???????????????????# #??# """ # | | ???????????????????# #??# """ ! # | | ???????????????????# @ #??# """ # | | ???????????????????# #??# # | | ???????????????????# """ """ #??# """ # """ | | ???????????????????# """ """ #??# """ # "R | | ???????????????????# """ """ #??# """ # """ | | ???????????????????# #??# # | | ??????????####+######+####################+######+ | | ??????? | | ??????? | | ??????? | | ???????? | | ???????? | | ?????????#####+############+##############+######+ | | ????????????????????????? ?????????? # | | ??????????????????????? ?????? # "" | | ?????????????????????# """ """ ?? # "" | | ?????????????????????# """ """ ## # "" | | ?????????????????????# """ """ ## # "" | | ?????????????????????# ## # "" | | ?????????????????????# """ """? ## # "" | | ?????????????????????# ??"" """???# # | | ?????????????????????# ????? ""????# ###### | | ???????????????????????????? ?????##########????? | | ???????????????????????????? ???????????????????? | | ????????????????????????????? ???????????????????? | +----------------------------------------------------+ Best States ------------- Heat Dissipation 40 Energy Generation 32 Energy Capacity 360 Matter Stores 300 Matter Capacity 300 Sight Range 16 Robot Scan Range 15 Terrain Scan Range 16 Terrain Scan Density 10 Armor Coverage 225 Utility Shielding 66 Evasion (%) 70 Recoil Reduction 4 Offensive Hacking 30 Authchip Count 1 Item Schematics ----------------- Hacking Suite | -9/Materials | Scanalyzed Imp. Utility Shielding | -8/Materials | Scanalyzed Coil Gun | -8/Storage | Hacked Hyp. Gauss Rifle | -8/Storage | Hacked Missile Launcher | -8/Recycling | Hacked Imp. Plasma Cutter | -6/Factory | Hacked Robot Schematics ------------------ None Fabricated ------------ Nothing Repaired ---------- Imp. Sensor Array | 18% | -8/Materials Studied --------- VTOL Module | -9/Materials | Hacked Lgt. Angular Momentum Engine | -6/Factory | Hacked Mass Driver | -5/Factory | Hacked Thunder Leg | -5/Factory | Hacked Alien Tech Used ----------------- None Achievements -------------- None Challenges ------------ None Game ------ Seed TrackerPlatingRefractor Manual? 0 Play Time 00:48:17 Cumulative 113.3 hours Start 2026.03.16 @ 15:09:37 End 2026.03.16 @ 23:58:04 Sessions 2 Manual Loads 0 Difficulty Rogue Special Mode None Game No. 166 Rogue 166 Adventurer 0 Explorer 0 Win Type - Total 1 Types 1/0/0/0/0/0/0/0/0/0 Lore% 50 Gallery% 51 Achievement% 37 Wizard Run 0 Options --------- Layout 1 ASCII 0 Keyboard 1 Movement Arrows Keybinds 0 Fullscreen 1 Font 24/Smallcaps Map View 50x35 Zoom Use 0% Tactical HUD 1 Map Filters NONE Filters NONE Steam 1 RUN: 86e160cf-3380-414b-8e63-9291be54bcd5